 Dungeon Crawl Stone Soup version 0.27-a0-1301-g128193abf8 (webtiles) character file.

Game seed: 17117014628528082405

2 Shayle the Vexing (level 1, 0/13 HPs)
             Began as a Demonspawn Enchanter on June 17, 2021.
             Slain by a jackal (1 damage)
             ... on level 1 of the Dungeon.
             The game lasted 00:00:49 (132 turns).

Shayle the Vexing (Demonspawn Enchanter)             Turns: 132, Time: 00:00:49

Health: 0/13       AC:  2    Str:  8    XL:     1   Next: 25%
Magic:  3/3        EV: 12    Int: 16    God:
Gold:   0          SH:  0    Dex: 13    Spells: 3/4 levels left

rFire    . . .     SeeInvis .   g - +2 spear (venom)
rCold    . . .     Faith    .   (no shield)
rNeg     . . .     Spirit   .   b - +0 robe
rPois    .         Reflect  .   (no helmet)
rElec    .         Harm     .   (no cloak)
rCorr    .         Rampage  .   (no gloves)
Will     .....                  (no boots)
Stlth    ++........             (no amulet)
HPRegen  0.04/turn              (no ring)
MPRegen  0.08/turn              (no ring)

@: flying
A: no striking features
a: no special abilities


You were on level 1 of the Dungeon.
You visited 1 branch of the dungeon, and saw 1 of its levels.

Inventory:

Hand Weapons
 a - a +1 dagger
 g - a +2 spear of venom (weapon)
Armour
 b - a +0 robe (worn)
Jewellery
 f - a ring of flight
Scrolls
 d - a scroll of fear {unknown}
 e - 2 scrolls of identify {unknown}


   Skills:
 + Level 0.1 Fighting
 - Level 0.8 Short Blades
 + Level 1.8 Dodging
 * Level 2.7 Stealth
 - Level 2.0 Spellcasting
 - Level 3.0 Hexes


You had 3 spell levels left.
You knew the following spells:

 Your Spells              Type           Power      Damage    Failure   Level
a - Corona                Hex            12%        N/A       6%          1

Your spell library contained the following spells:

 Spells                   Type           Power      Damage    Failure   Level
 Ensorcelled Hibernation  Hex/Ice        12%        N/A       17%         2
 Confusing Touch          Hex            11%        N/A       19%         3
 Tukima's Dance           Hex            11%        N/A       19%         3
 Dazzling Flash           Conj/Hex       12%        N/A       32%         3


Dungeon Overview and Level Annotations

Branches:
Dungeon (1/15)

Altars:

Shops:
D:1 :


Message History

Found a chain mail.
You closely miss the bat. The bat completely misses you.
You barely miss the jackal. The bat closely misses you. The bat hits you.
The jackal closely misses you. The jackal barely misses you.
You hit the jackal.
The jackal is poisoned.
The jackal is severely wounded.
The bat completely misses you. The jackal closely misses you.
You hit the jackal.
You kill the jackal!
The bat hits you but does no damage. x2
You hit the endoplasm.
The endoplasm is lightly wounded.
The bat hits you but does no damage. The endoplasm freezes you.
You are frozen.
You miss the bat. The bat hits you. The bat barely misses you.
The endoplasm freezes you.
You are frozen.
* * * LOW HITPOINT WARNING * * *
Unknown command.
You hit the endoplasm.
The endoplasm is almost dead.
The bat hits you but does no damage. The endoplasm freezes you.
You are frozen.
* * * LOW HITPOINT WARNING * * *
Unknown command.
It was a potion of flight.
You feel very buoyant.
You fly up into the air.
The bat misses you. The bat closely misses you.
The endoplasm hits you but does no damage.
The bat misses you. The bat closely misses you.
You see here a +0 chain mail.
You closely miss the jackal. The jackal barely misses you.
You closely miss the jackal. The jackal barely misses you.
The jackal bites you.
* * * LOW HITPOINT WARNING * * *
You closely miss the jackal. The jackal bites you.
You die...

.# #.# #.# ..# #.#
.w. #.# ... #.#
#.### ###.### #...
#.hb..###.##
#@#.#.##...###.###
#.#.J..w.#†.......
#.###.##...#
#.....###.###.#
####### #....#
#.########
#.........
##########


You could see a jackal and a bat.

Vanquished Creatures
  A jackal (D:1)
  A rat (D:1)
2 creatures vanquished.

Notes
Turn   | Place    | Note
-------+----------+-------------------------------------------
     0 | D:1      | Shayle the Demonspawn Enchanter began the quest for the
                  | Orb.
     0 | D:1      | Reached XP level 1. HP: 13/13 MP: 3/3
    78 | D:1      | Found Nuoppoth's Book Shop.
   132 | D:1      | Slain by a jackal

Illustrated notes

Levels and vault maps discovered:
D:1:      minmay_arrival_radiant_lines, layout_loops_ring, serial_shops, shop,
          hellmonk_ecumenical_altar_blasted, minmay_misc_feat_tiny

Action                   || total
-------------------------++-------
Melee: Spear             ||    11
  Use: Potion            ||     1
Armor: Robe              ||     8
Dodge: Dodged            ||    19

Table legend: (Time is in decaauts)
 A = Elapsed time spent in this place.
 B = Non-inter-level travel time spent in this place.
 C = Inter-level travel time spent in this place.
 D = Time resting spent in this place.
 E = Time spent auto-exploring this place.
 F = Levels seen in this place.
 G = Mean time per level.
                   A        B        C        D        E       F      G
               +--------+--------+--------+--------+--------+-----+--------+
         Total |    132 |    132 |      0 |      0 |     77 |   1 |  132.0 |
       Dungeon |    132 |    132 |      0 |      0 |     77 |   1 |  132.0 |
               +--------+--------+--------+--------+--------+-----+--------+

Top non-repeatable levels by time:
     D:1: 132 daAuts
